 Dungeon Crawl Stone Soup version 0.31-a0-83-gbff143cfd1 (webtiles) character file.

Game seed: 12046490411420267754

9 senseless the Trooper (level 2, 0/31 HPs)
             Began as an Ogre Warper on May 24, 2023.
             Slain by Sigmund
             ... wielding a +0 scythe
              (6 damage)
             ... on level 2 of the Dungeon.
             The game lasted 00:01:16 (380 turns).

senseless the Trooper (Ogre Warper)                  Turns: 380, Time: 00:01:16

Health: 0/31       AC:  4    Str: 14    XL:     2   Next: 16%
Magic:  5/5        EV:  9    Int: 14    God:
Gold:   49         SH:  0    Dex:  8    Spells: 6/6 levels left

rFire   + . .        a - +0 mace
rCold   . . .        (no shield)
rNeg    . . .        b - +0 robe
rPois   .            (helmet restricted)
rElec   .            i - +0 cloak
rCorr   .            (gloves unavailable)
SInv    .            (boots unavailable)
Will    .....        (no amulet)
Stlth   +            (no ring)
HPRegen 0.25/turn    (no ring)
MPRegen 0.09/turn

%: no passive effects
@: no status effects
A: large, unfitting armour, tough skin 1, fire resistance 1, evolution 1
a: no special abilities


You were on level 2 of the Dungeon.
You visited 1 branch of the dungeon, and saw 2 of its levels.

You collected 49 gold pieces.

Inventory:

Hand Weapons
 a - a +0 mace (weapon)
 f - a +0 flail
Missiles
 d - 7 boomerangs of dispersal (quivered)
Armour
 b - a +0 robe (worn)
 i - a +0 cloak (worn)
Scrolls
 c - a scroll of blinking
 e - 2 scrolls of fear {unknown}
 g - a scroll of immolation {unknown}


   Skills:
 * Level 3.1 Fighting
 + Level 1.9 Maces & Flails
 - Level 1.0 Throwing
 + Level 2.2 Dodging
 + Level 2.5 Spellcasting
 + Level 2.8 Translocations


You had 6 spell levels left.
You didn't know any spells.
Your spell library contained the following spells:

 Spells                   Type           Power      Damage    Failure   Level
 Blink                    Tloc           18%        N/A       11%         2
 Lesser Beckoning         Tloc           18%        N/A       11%         2
 Teleport Other           Tloc           9%         N/A       22%         3
 Vhi's Electric Charge    Tloc/Air       8%         N/A       41%         3
 Manifold Assault         Tloc           9%         N/A       56%         4


Dungeon Overview and Level Annotations

Branches:
Dungeon (2/15)

Altars:

Shops:
D:2 (:(

Annotations:
D:2 Sigmund


Innate Abilities, Weirdness & Mutations

You are too large for most types of armour.
You have tough skin. (AC +1)
Your flesh is heat resistant. (rF+)
You have hidden genetic potential.


Message History

You feel clumsy.
You feel agile.
You feel resistant to heat. Sigmund completely misses you.
Sigmund hits you with a +0 scythe.
You hit Sigmund.
Sigmund is lightly wounded.
You closely miss Sigmund.
Sigmund is lightly wounded.
Sigmund misses you.
You barely miss Sigmund.
Sigmund is lightly wounded.
Sigmund hits you but does no damage.
You hit Sigmund but do no damage.
Sigmund is lightly wounded.
Sigmund hits you with a +0 scythe!
You hit Sigmund.
Sigmund is moderately wounded.
Sigmund points at you and mumbles some strange words.
You are confused.
Sigmund hits you from afar with a +0 scythe.
You bump into the rock wall.
Sigmund hits you from afar with a +0 scythe.
You bump into the rock wall.
You bump into the rock wall.
Sigmund casts a spell at you. The puff of flame hits you. You resist.
* * * LOW HITPOINT WARNING * * *
You bump into the rock wall.
Sigmund hits you from afar with a +0 scythe.
* * * LOW HITPOINT WARNING * * *
You feel less confused. Sigmund closely misses you.
You hit Sigmund but do no damage.
Sigmund is moderately wounded.
You hit Sigmund.
Sigmund is heavily wounded.
Sigmund closely misses you.
You closely miss Sigmund.
Sigmund is heavily wounded.
Sigmund hits you with a +0 scythe.
You die...

...## #.#.....######
..... ##...## PP^#
##.## ..# #.# ..# #.#
### ..#####.########
#.## ..[.............
.#.# ########.#######.
#.## ......@@.# #>#
########+# #.####.#.
####.. ..†......
..##.# .#######.
#.##.# ....#∩.♣#
#.##.# .####...#
#.##.#
.####♣..###.##.####
.................†####


You could see Sigmund.

Vanquished Creatures
  A ball python (D:2)
  An endoplasm (D:1)
  A goblin (D:2)
  2 quokkas (D:2)
  A frilled lizard (D:2)
  3 rats
9 creatures vanquished.

Notes
Turn   | Place    | Note
-------+----------+-------------------------------------------
     0 | D:1      | senseless the Ogre Warper began the quest for the Orb.
     0 | D:1      | Reached XP level 1. HP: 22/22 MP: 3/3
    63 | D:1      | You fall into a shaft and drop 1 floor!
    86 | D:2      | Found Tuquad's Book Shoppe.
   174 | D:2      | Reached skill level 3 in Fighting
   192 | D:2      | Reached XP level 2. HP: 22/31 MP: 5/5
   237 | D:2      | Found Karoom's Antique Weapon Shop.
   329 | D:2      | Found Ycafoh's Antique Weapon Emporium.
   364 | D:2      | Noticed Sigmund
   365 | D:2      | Gained mutation: You have hidden genetic potential. [potion
                  | of mutation]
   365 | D:2      | Gained mutation: You are clumsy. (Dex -2) [potion of
                  | mutation]
   365 | D:2      | Lost mutation: You are clumsy. (Dex -2) [potion of
                  | mutation]
   365 | D:2      | Gained mutation: Your flesh is heat resistant. (rF+)
                  | [potion of mutation]
   380 | D:2      | Slain by Sigmund

Illustrated notes

Levels and vault maps discovered:
D:1:      scummos_arrival_simple_fountains, layout_basic
D:2:      layout_loops_ring, serial_shops, nicolae_lakefront_shop,
          nicolae_shop_behind_doors, nicolae_shop_pleasant_corner_grove, shop,
          nicolae_shop_dealshenge, guppyfry_early_lair_pool, uniq_sigmund

Skill      XL: |  1 |
---------------+----+-----
Fighting       | 3 |  3.1
Maces & Flails | |  1.9
Throwing       | |  1.0
Dodging        | |  2.2
Spellcasting   | |  2.5
Translocations | |  2.8

Action                     || total
---------------------------++-------
  Melee: Mace              ||    50
    Use: Potion            ||     1
   Stab: Sleeping          ||     1
 Armour: Robe              ||    11
  Dodge: Dodged            ||    37

Table legend: (Time is in decaauts)
 A = Elapsed time spent in this place.
 B = Non-inter-level travel time spent in this place.
 C = Inter-level travel time spent in this place.
 D = Time resting spent in this place.
 E = Time spent auto-exploring this place.
 F = Levels seen in this place.
 G = Mean time per level.
                   A        B        C        D        E       F      G
               +--------+--------+--------+--------+--------+-----+--------+
         Total |    395 |    395 |      0 |      0 |    267 |   2 |  197.5 |
       Dungeon |    395 |    395 |      0 |      0 |    267 |   2 |  197.5 |
               +--------+--------+--------+--------+--------+-----+--------+

Top non-repeatable levels by time:
     D:2: 328 daAuts
     D:1: 66 daAuts
